 Dungeon Crawl Stone Soup version 0.30.1-11-g7821555f0a (webtiles) character file.

Game seed: 10268205669630465149

2326 jagang the Carver (level 9, -4/73 (74) HPs)
             Began as a Barachi Monk on Nov 15, 2023.
             Was a Believer of the Shining One.
             Slain by Maggie
             ... wielding a +0 glaive
              (11 damage)
             ... on level 7 of the Dungeon.
             The game lasted 00:18:42 (6990 turns).

jagang the Carver (Barachi Monk)                    Turns: 6990, Time: 00:18:42

HP:   -4/73 (74)    AC: 11    Str: 13    XL:     9   Next: 42%
MP:   9/9           EV:  3    Int: 10    God:    the Shining One [**....]
Gold: 37            SH:  0    Dex: 19    Spells: 8/8 levels left

rFire   + . .        r - +1 falchion (protect)
rCold   + . .        G - +0 tower shield
rNeg    + . .        u - +0 chain mail
rPois   +            (no helmet)
rElec   .            F - scarf {rC+ rF+}
rCorr   .            p - +0 pair of gloves
SInv    .            (no boots)
Will    .....        (no amulet) Stlth
                     a - ring of poison resistance
HPRegen 0.32/turn    (no ring)
MPRegen 0.11/turn

%: no passive effects
@: confused, ambrosia-drunk, mesmerised, glowing, lightly drained, slow
A: amphibious, slowness 1, strong legs 1, +LOS
a: Hop, Renounce Religion, Divine Shield


You were on level 7 of the Dungeon.
You worshipped the Shining One.
The Shining One was pleased with you.
You visited 2 branches of the dungeon, and saw 8 of its levels.

You collected 364 gold pieces.
You spent 327 gold pieces at shops.

Inventory:

Hand Weapons
 r - a +1 falchion of protection (weapon)
Missiles
 b - a curare-tipped dart
 x - 2 poisoned darts (quivered)
 A - 4 atropa-tipped darts
 I - 2 silver boomerangs
Armour
 d - an orb of light
 p - a +0 pair of gloves (worn)
 u - a +0 chain mail (worn)
 D - a +0 ring mail of fire resistance
 F - a scarf of resistance (worn)
 G - a +0 tower shield (worn)
Jewellery
 a - a ring of poison resistance (left hand)
 E - an amulet of regeneration
Scrolls
 g - 3 scrolls of fog
 i - 3 scrolls of blinking
 k - a scroll of poison {unknown}
 m - a scroll of enchant armour {unknown}
 n - 6 scrolls of vulnerability
 q - 3 scrolls of identify
 s - 3 scrolls of teleportation {unknown}
 t - a scroll of immolation {unknown}
 w - 4 scrolls of amnesia
 y - 3 scrolls of noise {unknown}
 z - a scroll of fear {unknown}
Potions
 c - 2 potions of ambrosia
 e - 3 potions of curing {unknown}
 f - 11 potions of heal wounds {unknown}
 h - 4 potions of flight
 j - a potion of mutation {unknown}
 l - 2 potions of berserk rage {unknown}
 o - 2 potions of brilliance {unknown}
 v - 2 potions of lignification {unknown}
 B - 2 potions of haste {unknown}
 C - a potion of might {unknown}
 H - a potion of invisibility {unknown}


   Skills:
 + Level 7.8 Fighting
 + Level 10.4 Long Blades
 - Level 3.0 Throwing
 + Level 6.8 Armour
 - Level 3.2 Dodging
 * Level 1.9 Shields
 + Level 0.8 Invocations


You had 8 spell levels left.
You didn't know any spells.
Your spell library contained the following spells:

 Spells                   Type           Power      Damage    Failure   Level
 Apportation              Tloc           0%         N/A       100%        1
 Freeze                   Ice            0%         1d3       100%        1
 Slow                     Hex            0%         N/A       100%        1
 Confusing Touch          Hex            0%         N/A       100%        3
 Frozen Ramparts          Ice            0%         1d1       100%        3
 Hailstorm                Conj/Ice       0%         3d3       100%        3
 Vampiric Draining        Necr           0%         2d6       100%        3
 Vhi's Electric Charge    Tloc/Air       0%         N/A       100%        3
 Alistair's Intoxication  Tmut/Pois      0%         N/A       100%        5
 Arcjolt                  Conj/Air       0%         1d10      100%        5
 Borgnjor's Vile Clutch   Necr/Erth      0%         N/A       100%        5
 Iskenderun's Battlesphe  Conj           0%         2d6       100%        5
 Eringya's Noxious Bog    Tmut/Pois      0%         N/A       100%        6
 Iron Shot                Conj/Erth      0%         9d1       100%        6
 Spellforged Servitor     Conj/Summ      0%         N/A       100%        7
 Maxwell's Capacitive Co  Air            0%         ∞         100%        8


Dungeon Overview and Level Annotations

Branches:
Dungeon (7/15)             Temple (1/1) D:5

Altars:
Ashenzari
Cheibriados
Elyvilon
Gozag
Hepliaklqana
Kikubaaqudgha
Makhleb
Nemelex Xobeh
Okawaru
Qazlal
Sif Muna
Trog
Uskayaw
Vehumet
Wu Jian
Xom
Yredelemnul
Zin
The Shining One

Shops:
D:2 ::[!   D:4 =

Annotations:
D:7 Maggie


Innate Abilities, Weirdness & Mutations

You are amphibious.
You cover ground slowly.
You can hop short distances.
You have an extended range of vision and can be seen from far away.


Message History

The wight hits you but does no damage. x2
Unknown command.
You are confused.
You feel invigorated.
You are ready to hop once more.
The water moccasin bites you.
* * * LOW HITPOINT WARNING * * *
The wight hits you but does no damage. x2; Maggie hits you with a +0 glaive.
* * * LOW HITPOINT WARNING * * *
You bump into the rock wall.
The water moccasin bites you but does no damage.
The wight hits you but does no damage. The wight hits you with a +2 hand axe!
* * * LOW HITPOINT WARNING * * *
Maggie gestures wildly while chanting.
Maggie attempts to bespell you!
You are mesmerised by Maggie!
You hit Maggie but do no damage.
Maggie is heavily wounded.
The water moccasin bites you but does no damage.
The water moccasin barely misses you.
The wight hits you but does no damage. x2
Maggie hits you with a +0 glaive.
* * * LOW HITPOINT WARNING * * *
You bump into the rock wall.
The water moccasin bites you but does no damage.
The wight hits you with a +3 dagger of freezing.
* * * LOW HITPOINT WARNING * * *
The wight freezes you.
* * * LOW HITPOINT WARNING * * *
The wight barely misses you. Maggie hits you with a +0 glaive!
The Shining One protects you from harm! The water moccasin barely misses you.
You barely miss the water moccasin. The water moccasin bites you.
* * * LOW HITPOINT WARNING * * *
The wight barely misses you. The wight hits you but does no damage.
Maggie hits you with a +0 glaive.
* * * LOW HITPOINT WARNING * * *
The wight attacks as you move away! The wight hits you but does no damage.
The wight attacks as you move away! The wight hits you but does no damage.
Maggie hits you from afar with a +0 glaive!
You die...

.....##..#####..
..........#.#....
............#....
............#....
##...##.....##...
##...##.....##..# ###
.#..<.#.........##..##
.#....#......$.......#
.#....#.......zS@....#
.#....#.....##.z##.###
##....#.....##.@# # #
#.[...##...
#.....##....
......#...... #.......
##...>... #....###.


You could see Maggie (mesmerising), a water moccasin and 2 wights.

Vanquished Creatures
  5 yaks (D:6)
  A water moccasin (D:5)
  An ice beast (D:5)
  An orc warrior (D:6)
  A sky beast (D:7)
  2 ogres
  A centaur (D:7)
  A phantom (D:5)
  A bullfrog (D:7)
  2 scorpions
  4 hounds
  An orc priest (D:5)
  6 orc wizards
  An iguana (D:5)
  2 sleepcaps (D:6)
  11 adders
  7 gnolls
  A shadow imp (D:5)
  2 white imps
  2 worms (D:3)
  29 orcs
  5 ball pythons
  8 endoplasms
  5 giant cockroaches
  7 goblins
  8 hobgoblins
  6 jackals
  12 kobolds
  4 quokkas
  7 bats
  5 rats
149 creatures vanquished.

Notes
Turn   | Place    | Note
-------+----------+-------------------------------------------
     0 | D:1      | jagang the Barachi Monk began the quest for the Orb.
     0 | D:1      | Reached XP level 1. HP: 18/18 MP: 1/1
   344 | D:1      | Reached skill level 4 in Long Blades
   344 | D:1      | Reached XP level 2. HP: 25/25 MP: 2/2
   463 | D:1      | Reached skill level 1 in Armour
   937 | D:2      | Reached XP level 3. HP: 18/30 MP: 3/3
  1136 | D:2      | Found a shimmering blue altar of Sif Muna.
  1149 | D:2      | Found Luss's Book Shoppe.
  1428 | D:2      | Found Uzxapp's Distillery.
  1438 | D:2      | Bought a potion of degeneration for 13 gold pieces
  1438 | D:2      | Bought a potion of flight for 39 gold pieces
  1609 | D:2      | Reached XP level 4. HP: 33/37 MP: 4/4
  1678 | D:2      | Found Bugh's Book Shoppe.
  1685 | D:2      | Found Eruoskou's Antique Armour Shop.
  1737 | D:2      | Reached skill level 5 in Long Blades
  1769 | D:2      | Found a faded altar of an unknown god.
  2236 | D:3      | Reached XP level 5. HP: 15/43 MP: 5/5
  2617 | D:3      | Found a snail-covered altar of Cheibriados.
  2694 | D:3      | Found a radiant altar of Vehumet.
  2980 | D:4      | Noticed an ogre
  2995 | D:4      | Killed an ogre
  2996 | D:4      | Reached skill level 5 in Fighting
  2996 | D:4      | Reached skill level 6 in Long Blades
  2996 | D:4      | Reached XP level 6. HP: 51/51 MP: 6/6
  3058 | D:4      | Found Qaujux's Jewellery Boutique.
  3488 | D:5      | Entered Level 5 of the Dungeon
  3512 | D:5      | Noticed an ice beast
  3528 | D:5      | Killed an ice beast
  3570 | D:5      | Reached skill level 7 in Long Blades
  3570 | D:5      | Reached XP level 7. HP: 34/56 MP: 7/7
  4202 | D:5      | Reached skill level 8 in Long Blades
  4231 | D:5      | Reached skill level 5 in Armour
  4231 | D:5      | Reached XP level 8. HP: 43/65 MP: 8/8
  4343 | D:5      | Found a staircase to the Ecumenical Temple.
  4540 | Temple   | Entered the Ecumenical Temple
  4841 | Temple   | Became a worshipper of the Shining One
  4841 | Temple   | Reached * piety under the Shining One
  4841 | Temple   | Reached ** piety under the Shining One
  5142 | D:6      | Noticed a yak
  5142 | D:6      | Noticed a yak
  5142 | D:6      | Noticed a yak
  5143 | D:6      | Noticed a yak
  5154 | D:6      | Noticed a yak
  5181 | D:6      | Killed a yak
  5182 | D:6      | Reached skill level 9 in Long Blades
  5194 | D:6      | Killed a yak
  5208 | D:6      | Killed a yak
  5209 | D:6      | Reached skill level 1 in Throwing
  5411 | D:6      | Killed a yak
  5412 | D:6      | Reached XP level 9. HP: 42/72 MP: 9/9
  5417 | D:6      | Reached skill level 10 in Long Blades
  6531 | D:2      | Bought an embroidered scarf for 176 gold pieces
  6531 | D:2      | Bought a tower shield for 99 gold pieces
  6711 | D:7      | Reached skill level 1 in Shields
  6966 | D:7      | Noticed Maggie
  6986 | D:7      | HP: 3/73 [wight/+2 hand axe (9)]
  6988 | D:7      | The Shining One protects you from harm!
  6990 | D:7      | Slain by Maggie

Illustrated notes

Levels and vault maps discovered:
D:1:      dpeg_arrival_line_fractal, layout_loops_corners
D:2:      minmay_kobold_bridge, layout_loops_corners, serial_shops,
          nicolae_book_shop_shelving, shop, nicolae_lakefront_shop, shop,
          basic_altar, dreamdust_ecumenical_altar_statues, minmay_unequal
D:3:      layout_basic, chei_slow_surprise, mainiacjoe_overflow_alcove_1
D:4:      layout_basic, serial_shops, nicolae_shop_waterfront
D:5:      cheibrodos_helix_gallery, layout_cave_pools,
          minmay_temple_entry_offerings
D:6:      layout_loops_corners, small_statue_intersection, grunt_decor_cap,
          minivault_25, kennysheep_generic_room_13
D:7:      layout_gridville, hellmonk_guarded_unrand_gyre_and_gimble, uniq_maggie
Temple:   minmay_temple_bridge_d

Skill      XL: |  1  2  3  4  5  6  7  8  9 |
---------------+----------------------------+-----
Long Blades    | 4 5 6 7 8 9 10 | 10.4
Armour         | 1 2 3 5 6 |  6.8
Fighting       | 4 5 6 7 |  7.8
Throwing       | 2 3 |  3.0
Shields        | 1 |  1.9
Dodging        | |  3.2
Invocations    | |  0.8

Action                     |  1- 3 |  4- 6 |  7- 9 || total
---------------------------+-------+-------+-------++-------
  Melee: Falchion          |   103 |   175 |   331 ||   609
         Punch             |       |       |     3 ||     3
  Throw: Dart              |       |    15 |    22 ||    37
Ability: Hop               |       |     1 |     5 ||     6
    Use: Scroll            |       |       |     4 ||     4
         Potion            |       |       |     1 ||     1
 Armour: Robe              |    24 |     5 |       ||    29
         Chain mail        |       |    98 |   237 ||   335
  Dodge: Dodged            |    81 |    94 |    87 ||   262
  Block: Tower shield      |       |       |    62 ||    62
